 Dungeon Sprint DCSS version 0.18.1-48-g4cf74bf (webtiles) character file.

200 loralnil the Ruffian (level 5, -7/59 HPs)
             Began as a Troll Berserker on Sept 12, 2016.
             Was a Priest of Trog.
             Killed from afar by a deep elf mage (19 damage)
             ... with an orb of energy
             ... in the Dungeon (Sprint III: "The Ten Rune Challenge").
             The game lasted 00:01:03 (160 turns).

loralnil the Ruffian (Troll Berserker)               Turns: 160, Time: 00:01:03

Health: -7/59      AC:  5    Str: 26    XL:     5   Next: 49%
Magic:  4/4        EV: 11    Int:  3    God:    Trog [***...]
Gold:   30         SH:  0    Dex:  9    Spells: 0 memorised, 4 levels left

rFire  . . .     SeeInvis .       - Unarmed
rCold  . . .     Gourm    +     a - +0 animal skin
rNeg   . . .     Faith    .     (no shield)
rPois  .         Spirit   .     (helmet restricted)
rElec  .         Dismiss  .     (no cloak)
rCorr  .         Reflect  .     (gloves unavailable)
SustAt .         Harm     .     (boots unavailable)
MR     .....     NoTele   +     (no amulet)
Stlth  +.........               (no ring)
                                (no ring)

@: not resistant to hostile enchantments, very unstealthy
A: unfitting armour, claws 3, fast metabolism 3, gourmand, regeneration 2,
shaggy fur 1, tough skin 2
a: Berserk, Trog's Hand, Burn Spellbooks, Renounce Religion


You were in the Dungeon.
You worshipped Trog.
Trog was most pleased with you.
You were full.

You visited 1 branch You collected 30 gold pieces.

Inventory:

Armour
 a - a +0 animal skin (worn)
Scrolls
 h - a scroll of blinking
 j - a scroll of holy word {unknown}
 k - a scroll of identify {unknown}
 l - 3 scrolls of remove curse
 p - 3 scrolls of immolation {unknown}
 q - a scroll of recharging {unknown}
Potions
 c - a potion of curing
 d - a potion of heal wounds
 e - a potion of haste
 f - 2 potions of magic
 g - a potion of berserk rage
 i - 2 potions of mutation {unknown}
 n - a potion of brilliance {unknown}
 o - 2 potions of flight
 r - 2 potions of cure mutation
 s - a potion of lignification {unknown}
Books
 t - a book of the Dragon

   Spells                             Type                      Level
   a - Flame Tongue                   Conjuration/Fire             1
   b - Cause Fear                     Hexes                        4
   c - Bolt of Fire                   Conjuration/Fire             6
   d - Dragon Form                    Transmutation                7
   e - Dragon's Call                  Summoning                    9
   Trog disapproves of the use of such an item.
Comestibles
 b - 2 bread rations
 m - 2 royal jellies


   Skills:
 + Level 6.0 Fighting
 + Level 6.1 Dodging
 + Level 7.2 Unarmed Combat


You had 4 spell levels left.
You didn't know any spells.

Dungeon Overview and Level Annotations

Branches:
Dungeon (1/1)

Altars:
Elyvilon
Kikubaaqudgha
Sif Muna
Vehumet
Zin
The Shining One


Innate Abilities, Weirdness & Mutations

You are too large for most types of armour.
You have claws for hands.
Your metabolism is lightning-fast.
You like to eat raw meat.
You heal very quickly.
You are covered in fur (AC +1).
You have very tough skin (AC +2).


Message History

The lance of force hits you!
You are knocked back by the lance of force.
You slam into the stone wall!
The deep elf mage gestures wildly while chanting.
The deep elf mage conjures a globe of magical energy!
A battlesphere comes into view.
You closely miss the deep elf mage.
The deep elf mage points at you and mumbles some strange words.
The magic dart hits you!
The battlesphere fires!
The barrage of energy hits you!
* * * LOW HITPOINT WARNING * * *
You claw the deep elf mage!
The deep elf mage is moderately wounded.
The deep elf mage hits you with a long sword of holy wrath.
* * * LOW HITPOINT WARNING * * *
You mangle the deep elf mage!!
The deep elf mage is severely wounded.
The deep elf mage casts a spell at you. The orb of energy hits you!
You die...

▓▓▓▓▓▓▓ ▓▓▓ ..'...♣♣♣♣
♣.##### ..#....♣.♣
♣.#__*# ###.....♣ ♣.#e@.#
..#....≈♣♣♣♣♣.###'#+###+#
..#...≈≈..♣.♣.#..........
.(#..≈≈≈≈♣..♣.'.⌠........
#'#..≈≈≈≈≈≈♣..#...######+
..#.≈≈≈≈≈≈....#.⌠.#
..#.≈≈≈≈≈.....#...#
..#.≈≈≈.......#'###
###...........#)).#


You could see a deep elf mage and a battlesphere.

Vanquished Creatures
  A water elemental (D)
  A scorpion (D)
  A wizard (D)
  Jessica (D)
  A human (D)
  A kobold demonologist (D)
  2 rats (D)
8 creatures vanquished.

Vanquished Creatures (others)
  A yaktaur (D)
1 creature vanquished.

Grand Total: 9 creatures vanquished

Notes
Turn   | Place    | Note
--------------------------------------------------------------
     0 | D        | loralnil the Troll Berserker began the quest for the Orb.
     0 | D        | Reached XP level 1. HP: 22/22 MP: 0/0
    13 | D        | Noticed Jessica
    15 | D        | Killed Jessica
    15 | D        | Reached ** piety under Trog
    15 | D        | Reached skill level 4 in Unarmed Combat
    15 | D        | Reached XP level 2. HP: 32/32 MP: 1/1
    33 | D        | Noticed a scorpion
    35 | D        | Killed a yaktaur
    44 | D        | Killed a scorpion
    44 | D        | Reached skill level 5 in Unarmed Combat
    44 | D        | Reached XP level 3. HP: 33/40 MP: 2/2
    44 | D        | Reached XP level 4. HP: 41/49 MP: 3/3
   115 | D        | Noticed a water elemental
   120 | D        | Killed a water elemental
   120 | D        | Reached skill level 5 in Fighting
   120 | D        | Reached skill level 5 in Dodging
   120 | D        | Reached skill level 6 in Unarmed Combat
   120 | D        | Reached XP level 5. HP: 49/57 MP: 4/4
   136 | D        | Found a radiant altar of Vehumet.
   136 | D        | Found a deep blue altar of Sif Muna.
   136 | D        | Found an ancient bone altar of Kikubaaqudgha.
   139 | D        | Reached *** piety under Trog
   139 | D        | Reached skill level 7 in Unarmed Combat
   154 | D        | Found a glowing silver altar of Zin.
   154 | D        | Found a glowing golden altar of the Shining One.
   154 | D        | Found a white marble altar of Elyvilon.
   155 | D        | Noticed a deep elf mage
   160 | D        | Killed from afar by a deep elf mage

Skill      XL: |  1  2  3  4  5 |
---------------+----------------+-----
Fighting       | 3 4 5 6 |  6.0
Dodging        | 3 4 5 6 |  6.1
Unarmed Combat | 4 5 6 7 |  7.2

Action                   |  1- 3 |  4- 6 || total
-------------------------+-------+-------++-------
Melee: Unarmed           |    12 |    15 ||    27
       Punch             |     1 |       ||     1
  Eat: Chunk             |       |     4 ||     4
Armor: Animal skin       |     3 |     5 ||     8
Dodge: Dodged            |     2 |     2 ||     4
